[Event "*** Titled Tuesday Blitz"]
[Site "Chess.com"]
[Date "2020.11.24"]
[Round "1"]
[White "madmax011"]
[Black "djano"]
[Result "0-1"]
[WhiteElo "1847"]
[BlackElo "2473"]
[TimeControl "180+1"]
[EndTime "10:20:43 PST"]
[Termination "djano won by resignation"]

1. d4 g6 2. c4 Bg7 3. Nf3 Nf6 4. g3 O-O 5. Bg2 d6 6. O-O Nc6 7. Nc3 a5 8. e4 e5 9. d5 Ne7 10. Ne1 Nd7 11. Nd3 f5 12. f4 b6 13. Qc2 Kh8 14. b3 fxe4 15. Bxe4 Nf5 16. Bg2 Nd4 17. Qd2 a4 18. bxa4 Ba6 19. fxe5 dxe5 20. Bb2 Bxc4 21. d6 cxd6 22. Bxa8 Qxa8 23. Rxf8+ Nxf8 24. Ne1 Nfe6 25. Nd1 Ne2+ 26. Kf2 N6d4 27. Bxd4 exd4 28. Nf3 d3 29. Nb2 Bd5 30. Ng5 Qf8+ 31. Ke1 Bc3 32. Qxc3+ Nxc3 0-1

[Event "*** Titled Tuesday Blitz"]
[Site "Chess.com"]
[Date "2020.11.24"]
[Round "1"]
[White "ChessAurochs"]
[Black "katchesskat"]
[Result "1-0"]
[WhiteElo "2560"]
[BlackElo "2261"]
[TimeControl "180+1"]
[EndTime "10:20:44 PST"]
[Termination "ChessAurochs won by resignation"]

1. e4 c5 2. Nf3 e6 3. c3 Nf6 4. e5 Nd5 5. d4 Nc6 6. Bc4 Nb6 7. Bd3 cxd4 8. cxd4 Bb4+ 9. Nc3 Nd5 10. Bd2 Nce7 11. O-O f5 12. Nb5 O-O 13. a3 Bxd2 14. Qxd2 b6 15. Nd6 a5 16. b4 Ba6 17. b5 Bc8 18. Rac1 Rb8 19. Rc2 Bb7 20. Rfc1 Ba8 21. Bf1 Qe8 22.
Nxe8 Rfxe8 23. g3 h6 24. Bg2 Kf7 25. h4 Rg8 26. h5 g5 27. hxg6+ Rxg6 28. Nh4 Rg5 29.
Kf1 Rbg8 30. Rc7 f4 31. Rxd7 fxg3 32. fxg3 Rxg3 33. Qxh6 R3g4 34. Qh5+ R8g6 35. Nxg6 Rxg6 36. Bxd5 Bxd5 37. Rxe7+ 1-0

[Event "*** Titled Tuesday Blitz"]
[Site "Chess.com"]
[Date "2020.11.24"]
[Round "1"]
[White "OglazaOskar2005"]
[Black "SamuelGhimpu2003"]
[Result "0-1"]
[WhiteElo "2321"]
[BlackElo "2617"]
[TimeControl "180+1"]
[EndTime "10:20:45 PST"]
[Termination "SamuelGhimpu2003 won by checkmate"]

1. e4 e6 2. d4 d5 3. Nc3 Nf6 4. e5 Nfd7 5. f4 c5 6. Nf3 Nc6 7. Be3 Be7 8. Qd2 O-O 9. O-O-O c4 10. g4 b5 11. Nxb5 Rb8 12. Nd6 Bxd6 13. exd6 Nf6 14. Ng5 h6 15. h4 Qb6 16. b3 Nb4 17. a3 Na2+ 18. Kb1 cxb3 19. c4 b2 20. Rh3 hxg5 21.
hxg5 Ne4 22. Bd3 Nac3+ 23. Kc2 b1=Q+ 24. Rxb1 Qxb1# 0-1

[Event "*** Titled Tuesday Blitz"]
[Site "Chess.com"]
[Date "2020.11.24"]
[Round "1"]
[White "joppie2"]
[Black "Kretov_Evgenij"]
[Result "1-0"]
[WhiteElo "2961"]
[BlackElo "2456"]
[TimeControl "180+1"]
[EndTime "10:20:46 PST"]
[Termination "joppie2 won by resignation"]

1. Nf3 c5 2. e3 Nc6 3. d4 e6 4.
c4 cxd4 5. exd4 d5 6. Nc3 Nf6 7. a3 Be7 8. Bd3 O-O 9. c5 b6 10. b4 bxc5 11. bxc5 Qc7 12. O-O e5 13. Nb5 Qb8 14.
dxe5 Nxe5 15. Bf4 Nxf3+ 16. Qxf3 Qb7 17. Rac1 Bd7 18. Nd6 Qb2 19. Rfe1 Bxd6 20. cxd6 Ne4 21. Rc7 Bf5 22. h3 Qf6 23. Bxe4 Bxe4 24. Qg3 Rae8 25.
d7 Re6 26. Bg5 Qf5 27. Rc8 1-0

[Event "*** Titled Tuesday Blitz"]
[Site "Chess.com"]
[Date "2020.11.24"]
[Round "1"]
[White "amatatanav"]
[Black "LiamVrolijk"]
[Result "0-1"]
[WhiteElo "2412"]
[BlackElo "2805"]
[TimeControl "180+1"]
[EndTime "10:20:46 PST"]
[Termination "LiamVrolijk won on time"]

1. e4 g6 2. d4 Bg7 3. Nc3 d6 4. f4 a6 5. Nf3 b5 6. Bd3 Nd7 7. e5 Bb7 8. O-O c5 9. Be4 Bxe4 10. Nxe4 cxd4 11. exd6 Qb6 12. a4 bxa4 13. Re1 e6 14. Rxa4 Nh6 15. Nxd4 Nf5 16. c3 O-O 17. Rb4 Qa7 18.
Kh1 Nxd4 19. cxd4 Rfc8 20. Be3 a5 21. d5 Qa6 22. dxe6 fxe6 23. Ra4 Qb5 24. b3 Rc6 25.
Ng5 Qd5 26. Qg4 Rxd6 0-1

[Event "*** Titled Tuesday Blitz"]
[Site "Chess.com"]
[Date "2020.11.24"]
[Round "1"]
[White "KarstenHansch"]
[Black "Ariadna_Atreides"]
[Result "1-0"]
[WhiteElo "2510"]
[BlackElo "2118"]
[TimeControl "180+1"]
[EndTime "10:20:46 PST"]
[Termination "KarstenHansch won by resignation"]

1. e4 c5 2. c3 d5 3. exd5 Qxd5 4. d4 Nf6 5. Nf3 Nc6 6. Na3 e6 7. Nb5 Qe4+ 8. Be3 Nd5 9. Bd3 Qg4 10. h3 Qxg2 11.
Rh2 Nxe3 12. Rxg2 Nxd1 13. Nc7+ Kd8 14. Nxa8 Nxb2 15. Bb5 cxd4 16. cxd4 a6 17. Bxc6 bxc6 18. Ne5 Ke8 19. Rb1 Ba3 20. Rg3 f6 21. Rxa3 fxe5 22. Rxb2 Kf7 23. Rb8 Rd8 24. Nb6 1-0

[Event "*** Titled Tuesday Blitz"]
[Site "Chess.com"]
[Date "2020.11.24"]
[Round "1"]
[White "vladislavkovalev"]
[Black "MartinMatthiesen"]
[Result "1-0"]
[WhiteElo "2832"]
[BlackElo "2425"]
[TimeControl "180+1"]
[EndTime "10:20:47 PST"]
[Termination "vladislavkovalev won by resignation"]

1. e4 e5 2. Nf3 Nc6 3. Bb5 a6 4. Ba4 Nf6 5. O-O Be7 6. d3 d6 7. c3 O-O 8. Re1 b5 9. Bc2 h6 10. Nbd2 Re8 11. Nf1 Bf8 12. a4 Bb7 13. Ng3 Nb8 14. b4 Nbd7 15. Qe2 g6 16. Bb3 d5 17. exd5 Nxd5 18. Ne4 Bg7 19. Qa2 N7f6 20. Bd2 Re7 21. Nc5 Bc6 22. Nxe5 Qd6 23. Nxc6 Rxe1+ 24. Bxe1 Qxc6 25.
axb5 Qd6 26. Ne4 Nxe4 27. dxe4 Nxc3 28. Bxf7+ Kh7 29. Bxc3 Bxc3 30. Rc1 Rd8 31. g3 Bd2 32. Rc6 Qxb4 33. Bxg6+ Kg7 34. Qf7+ 1-0

[Event "*** Titled Tuesday Blitz"]
[Site "Chess.com"]
[Date "2020.11.24"]
[Round "1"]
[White "ZenBull"]
[Black "ShahMatKanal"]
[Result "0-1"]
[WhiteElo "2116"]
[BlackElo "2509"]
[TimeControl "180+1"]
[EndTime "10:20:47 PST"]
[Termination "ShahMatKanal won by resignation"]

1. Nf3 d5 2. d4 c5 3. g3 cxd4 4.
Nxd4 Nf6 5. Bg2 e6 6. O-O Be7 7. c4 O-O 8. cxd5 Nxd5 9. Nc3 Nxc3 10. bxc3 Qc7 11. Qb3 a6 12. a4 Nd7 13. Ba3 Nc5 14.
Bxc5 Bxc5 15. Rab1 Rb8 16. Rfd1 e5 17. Nf3 Be6 18.
Qb2 h6 19. Nd2 Rfd8 20. Ne4 Ba7 21. Rxd8+ Rxd8 22. Nd2 b5 23. axb5 axb5 24. Nb3 Bc4 25. e3 Bb6 26. Ra1 Qe7 27. Na5 Bxa5 0-1

[Event "*** Titled Tuesday Blitz"]
[Site "Chess.com"]
[Date "2020.11.24"]
[Round "1"]
[White "sunofadawn"]
[Black "LittleMyMoomin"]
[Result "1-0"]
[WhiteElo "2474"]
[BlackElo "1851"]
[TimeControl "180+1"]
[EndTime "10:20:48 PST"]
[Termination "sunofadawn won by resignation"]

1. e4 c5 2. Nf3 d6 3. Nc3 Nf6 4. e5 dxe5 5. Nxe5 e6 6. Bb5+ Nbd7 7. d4 a6 8. Bxd7+ Bxd7 9. Bf4 cxd4 10. Qxd4 Be7 11. O-O-O Rc8 12. g4 Nd5 13. Nxd5 exd5 14. Qxd5 Be6 15. Qxb7 Qa5 16. Rd7 Rxc2+ 17. Kxc2 Qa4+ 18.
b3 Qxa2+ 19. Kc3 Qa5+ 20. Kd3 O-O 21. Nc6 Bf5+ 22. gxf5 Qxf5+ 23. Ke2 Qe4+ 24. Be3 Qc2+ 25. Rd2 Qe4 26. Nxe7+ Qxe7 27. Qxe7 1-0

[Event "*** Titled Tuesday Blitz"]
[Site "Chess.com"]
[Date "2020.11.24"]
[Round "1"]
[White "Lagmantr"]
[Black "ExtremeLearner"]
[Result "1-0"]
[WhiteElo "2773"]
[BlackElo "2400"]
[TimeControl "180+1"]
[EndTime "10:20:49 PST"]
[Termination "Lagmantr won by resignation"]

1. e4 c6 2. d4 d5 3. e5 Bf5 4. Nf3 e6 5. Be2 c5 6. O-O Nc6 7. Nbd2 Qb6 8. c4 Rd8 9. cxd5 Rxd5 10. Nc4 Qd8 11. Bg5 Qd7 12. Qb3 cxd4 13. Rfd1 d3 14. Bf1 h6 15. Bh4 Bc5 16. Rac1 g5 17. Bg3 Nge7 18.
Nd6+ Bxd6 19. exd6 Ng6 20. Bxd3 Bxd3 21. Rxd3 Rxd3 22.
Qxd3 O-O 23. h4 g4 24. Nd2 f5 25. Nc4 h5 26. Re1 Kh7 27. a3 f4 28. Ne5 Nxe5 29.
Rxe5 fxg3 30. Rxh5+ Kg7 31. fxg3 e5 32. Rg5 Rf6 33.
h5 Rxd6 34. Rxg6+ Rxg6 35. Qxd7+ Kh8 36. hxg6 1-0

[Event "*** Titled Tuesday Blitz"]
[Site "Chess.com"]
[Date "2020.11.24"]
[Round "1"]
[White "Cambek64"]
[Black "vaishali2001"]
[Result "0-1"]
[WhiteElo "2298"]
[BlackElo "2592"]
[TimeControl "180+1"]
[EndTime "10:20:49 PST"]
[Termination "vaishali2001 won by checkmate"]

1. e4 c5 2. Nc3 Nc6 3. d3 g6 4. Be3 d6 5. d4 cxd4 6. Bxd4 Nxd4 7. Qxd4 Nf6 8. e5 dxe5 9. Bb5+ Bd7 10. Qxe5 Bg7 11.
O-O-O O-O 12. Bxd7 Nxd7 13. Qb5 Qb6 14. Rxd7 Qxf2 15.
Qe2 Qf4+ 16. Qd2 Qf1+ 17. Nd1 Rac8 18. Qe2 Qf4+ 19. Kb1 Bh6 20. Nf2 Qc1# 0-1

[Event "*** Titled Tuesday Blitz"]
[Site "Chess.com"]
[Date "2020.11.24"]
[Round "1"]
[White "Eternauta2400"]
[Black "Road2GM3000"]
[Result "1-0"]
[WhiteElo "2482"]
[BlackElo "2004"]
[TimeControl "180+1"]
[EndTime "10:20:50 PST"]
[Termination "Eternauta2400 won by checkmate"]

1. d4 d5 2. c4 c6 3. cxd5 cxd5 4.
Bf4 Nf6 5. Nc3 e6 6. e3 Bd6 7.
Bxd6 Qxd6 8. f4 a6 9. Nf3 Nbd7 10.
Bd3 b5 11. O-O Bb7 12. Ne5 Ne4 13. Qf3 Ndf6 14. g4 Nxc3 15. bxc3 Rc8 16. f5 O-O 17. Qg3 Rxc3 18. g5 Ne4 19. Bxe4 dxe4 20. f6 g6 21. Qh4 Rfc8 22. Nxf7 Qf8 23. Nh6+ Kh8 24. Qf4 e5 25. Qxe5 Rc2 26. f7+ Qg7 27. f8=Q+ Rxf8 28. Rxf8# 1-0

[Event "*** Titled Tuesday Blitz"]
[Site "Chess.com"]
[Date "2020.11.24"]
[Round "1"]
[White "witcher8"]
[Black "AryanTari"]
[Result "0-1"]
[WhiteElo "2445"]
[BlackElo "2901"]
[TimeControl "180+1"]
[EndTime "10:20:51 PST"]
[Termination "AryanTari won on time"]

1. e4 c6 2. d4 d5 3. e5 Bf5 4. h4 c5 5. dxc5 Nc6 6. Nf3 e6 7.
Be3 Bg4 8. Bb5 Ne7 9. c3 a6 10.
Ba4 Nf5 11. Qd3 Bxf3 12. gxf3 Be7 13. h5 O-O 14. Bxc6 bxc6 15. Nd2 Qb8 16. Bd4 Qxb2 17. O-O Qb5 18. Qb1 Qe2 19. Qd1 Nxd4 20. cxd4 Qd3 21. Nb3 Qf5 22. f4 Qxf4 23. Kg2 f6 24. exf6 Rxf6 25. Qd3 Rf5 26. Rg1 Qxf2+ 0-1

[Event "*** Titled Tuesday Blitz"]
[Site "Chess.com"]
[Date "2020.11.24"]
[Round "1"]
[White "aleksandrovaleksei"]
[Black "RTFrancisco"]
[Result "1/2-1/2"]
[WhiteElo "2597"]
[BlackElo "2380"]
[TimeControl "180+1"]
[EndTime "10:20:52 PST"]
[Termination "Game drawn by repetition"]

1. d4 Nf6 2. c4 e6 3. Nc3 Bb4 4. e3 O-O 5. Bd3 c5 6. Nf3 d5 7. O-O cxd4 8. exd4 dxc4 9. Bxc4 b6 10. Bd3 Bb7 11. a3 Bxc3 12. bxc3 Nbd7 13. Bf4 Rc8 14. c4 Re8 15. Re1 Nf8 16. Be3 Ng6 17. a4 Bxf3 18. Qxf3 e5 19. Bg5 Qxd4 20. Rad1 e4 21. Bxf6 Qxf6 22. Bxe4 Qxf3 23. Bxf3 Rxe1+ 24. Rxe1 Rxc4 25. a5 bxa5 26. Re8+ Nf8 27. g3 Rc7 28. Re5 g6 29.
Rxa5 Ne6 30. h4 h5 31. Bd5 Kf8 32. Bxe6 fxe6 33. Ra6 Kf7 34. Kg2 Kf6 35. Kf3 Re7 36.
Ke4 Rb7 37. Kf4 Rd7 38. Ke4 Rb7 39. Kf4 Rd7 40. Ke4 Rb7 1/2-1/2

[Event "*** Titled Tuesday Blitz"]
[Site "Chess.com"]
[Date "2020.11.24"]
[Round "1"]
[White "Neftegor"]
[Black "ondoko"]
[Result "1-0"]
[WhiteElo "2506"]
[BlackElo "2112"]
[TimeControl "180+1"]
[EndTime "10:20:52 PST"]
[Termination "Neftegor won by resignation"]

1. d4 d5 2. c4 e6 3. Nc3 c6 4. e3 Nf6 5. Nf3 Nbd7 6. Bd3 dxc4 7. Bxc4 b5 8. Bd3 Bb7 9. O-O a6 10. a4 Bd6 11. Qe2 O-O 12. e4 e5 13. dxe5 Nxe5 14. Nxe5 Bxe5 15. Rd1 Qc7 16. g3 Rfe8 17. f3 Rad8 18. Be3 Bd4 19. Bxd4 Rxd4 20. Qc2 Qb6 21. Kg2 Red8 22. Ne2 Rxa4 23. Rxa4 bxa4 24. Nc3 Qb3 25.
Nxa4 Qxc2+ 26. Bxc2 Rxd1 27. Bxd1 Nd7 28. b4 Kf8 29. Kf2 Ke7 30. Ke3 Kd6 31. Kd4 f6 32. f4 Nf8 33. Bb3 Bc8 34. Nc5 Nd7 35. Nd3 Nb6 36.
Bc4 g6 37. Nc5 Nxc4 38. Kxc4 g5 39. Kd4 h5 40. h4 gxh4 41. gxh4 Ke7 42. e5 fxe5+ 43.
Kxe5 Kf7 44. f5 Kg7 45. Ne4 1-0

[Event "*** Titled Tuesday Blitz"]
[Site "Chess.com"]
[Date "2020.11.24"]
[Round "1"]
[White "DarZay"]
[Black "Harry_Rakkel"]
[Result "0-1"]
[WhiteElo "2086"]
[BlackElo "2501"]
[TimeControl "180+1"]
[EndTime "10:20:52 PST"]
[Termination "Harry_Rakkel won by resignation"]

1. e4 c5 2. Nf3 e6 3. d4 cxd4 4. Nxd4 Nc6 5. Nc3 Qc7 6. Be3 a6 7. Be2 Nf6 8. O-O Be7 9. f4 d6 10. f5 Ne5 11. fxe6 fxe6 12. Bg5 O-O 13. Qd2 b5 14. a3 Bd7 15. Qe3 Qc5 16. Rad1 Nfg4 17. Qd2 Bxg5 18. Qxg5 Nf3+ 19. gxf3 Qxg5 20. fxg4 Rxf1+ 21. Bxf1 e5 22. Nf3 Qe3+ 23. Kg2 Bxg4 24. Be2 Rf8 25.
Rd3 Bxf3+ 26. Bxf3 Qg5+ 27. Kf2 Qc1 28. Rxd6 Qxb2 29.
Nd5 Qxa3 30. Rd7 Qxf3+ 0-1

[Event "*** Titled Tuesday Blitz"]
[Site "Chess.com"]
[Date "2020.11.24"]
[Round "1"]
[White "Fh2411"]
[Black "politeplayer"]
[Result "1-0"]
[WhiteElo "2536"]
[BlackElo "2235"]
[TimeControl "180+1"]
[EndTime "10:20:53 PST"]
[Termination "Fh2411 won by resignation"]

1. d4 Nf6 2. Nf3 e6 3. Bf4 c5 4. e3 Qb6 5. Na3 d5 6. Nb5 Na6 7. c3 Bd7 8. a4 c4 9. b3 Bxb5 10. axb5 Qxb5 11. bxc4 dxc4 12. Qa4 Qxa4 13. Rxa4 Nd5 14.
Rxc4 Nxf4 15. exf4 Bd6 16. g3 Ke7 17. Kd2 Rhc8 18.
Rxc8 Rxc8 19. Bxa6 bxa6 20. Ra1 Rb8 21. Kd3 Rb6 22.
Nd2 h6 23. c4 Bb4 24. c5 Rc6 25. Nc4 f6 26. Ra4 a5 27. Nxa5 Bxa5 28. Rxa5 a6 29. f5 exf5 30. d5 Rc8 31. Kd4 Rb8 32. Rxa6 Rb4+ 33.
Kc3 Rb5 34. Kc4 Rb2 35. Ra7+ Kf8 36. d6 Rxf2 37. Ra8+ Kf7 38. d7 Rc2+ 39. Kb5 Rd2 40. d8=Q Rxd8 41. Rxd8 g5 42. c6 1-0

[Event "*** Titled Tuesday Blitz"]
[Site "Chess.com"]
[Date "2020.11.24"]
[Round "1"]
[White "theblitzchamp"]
[Black "ChesSniper2000"]
[Result "1-0"]
[WhiteElo "2617"]
[BlackElo "2323"]
[TimeControl "180+1"]
[EndTime "10:20:54 PST"]
[Termination "theblitzchamp won by checkmate"]

1. d4 d5 2. Bf4 c5 3. e3 Nc6 4. c3 Bf5 5. Nd2 e6 6. Ngf3 Qb6 7. Qb3 c4 8. Qxb6 axb6 9. Nh4 Bg6 10. Be2 b5 11. O-O b4 12. Nxg6 hxg6 13. e4 Nf6 14. Bf3 b5 15. Rfe1 Kd7 16. Bg5 Nxe4 17. Nxe4 dxe4 18. Bxe4 Ra6 19. d5 Ne7 20. dxe6+ Rxe6 21. Rad1+ Kc8 22. cxb4 f6 23. Bf4 g5 24. Bg3 Ra6 25.
a3 g6 26. Bf3 Nf5 27. Re8# 1-0

[Event "*** Titled Tuesday Blitz"]
[Site "Chess.com"]
[Date "2020.11.24"]
[Round "1"]
[White "Saylormoon"]
[Black "AIROPITO7"]
[Result "1-0"]
[WhiteElo "2340"]
[BlackElo "2588"]
[TimeControl "180+1"]
[EndTime "10:20:54 PST"]
[Termination "Saylormoon won by resignation"]

1. e4 d6 2. d4 e5 3. Nf3 Qe7 4. dxe5 dxe5 5. Nc3 c6 6. Bc4 g6 7. Bg5 Nf6 8. O-O Bg7 9. h3 h6 10. Be3 O-O 11. Qe2 b5 12. Bb3 a5 13. a4 b4 14.
Nb1 Nxe4 15. Bb6 Nd6 16. Bc5 Ba6 17. Qd2 Rd8 18. Rd1 Bf8 19. Qe3 Nd7 20. Bxd6 Qf6 21. Bxf8 Nxf8 22. Nbd2 h5 23. Ne4 Qe7 24. Neg5 c5 25.
Bxf7+ Kg7 26. Qxe5+ Qxe5 27. Nxe5 Rd4 28. Rxd4 cxd4 29.
Rd1 Rc8 30. Bb3 Rc7 31. Rxd4 Bc8 32. Rc4 Rxc4 33. Nxc4 Kf6 34. Ne4+ 1-0

[Event "*** Titled Tuesday Blitz"]
[Site "Chess.com"]
[Date "2020.11.24"]
[Round "1"]
[White "BigAl"]
[Black "PattyCastillo"]
[Result "0-1"]
[WhiteElo "2467"]
[BlackElo "2053"]
[TimeControl "180+1"]
[EndTime "10:20:55 PST"]
[Termination "PattyCastillo won by resignation"]

1. e4 c5 2. c3 d6 3. d4 cxd4 4. cxd4 Nd7 5. Nc3 e5 6. Nf3 Be7 7. Bc4 Ngf6 8. O-O O-O 9. a3 a6 10. Ba2 b5 11. dxe5 Nxe5 12. Nxe5 dxe5 13. Bg5 Bb7 14.
Bxf6 Bxf6 15. Bd5 Qb6 16. Bxb7 Qxb7 17. Nd5 Bd8 18. Rc1 Bb6 19. Rc3 Rac8 20. Rg3 Rc6 21. h3 Bd4 22. b4 Rfc8 23. Kh2 Kh8 24. Qh5 Rc2 25. Qg5 f6 26. Nxf6 Qe7 27. Qf5 gxf6 28. Rf3 R2c6 29. Rd1 Rg8 30. g3 Rg5 31. Qxg5 fxg5 32.
Rfd3 Rc2 33. Kh1 Rxf2 34. Rc1 Qf6 35. Rc8+ Kg7 36. Rc7+ Kg6 0-1

[Event "*** Titled Tuesday Blitz"]
[Site "Chess.com"]
[Date "2020.11.24"]
[Round "1"]
[White "filipluczak05"]
[Black "BogdanDeac"]
[Result "0-1"]
[WhiteElo "2439"]
[BlackElo "2891"]
[TimeControl "180+1"]
[EndTime "10:20:56 PST"]
[Termination "BogdanDeac won by resignation"]

1. d4 d5 2. Nf3 Nf6 3. g3 c5 4.
Bg2 cxd4 5. O-O h6 6. Nxd4 e5 7.
Nb5 a6 8. N5c3 Be6 9. e4 d4 10. Ne2 Nc6 11. c3 d3 12. Nf4 exf4 13. gxf4 Bg4 14.
Qb3 Na5 15. Qa4+ b5 16. Qd4 Qxd4 17. cxd4 Rd8 18. Be3 Be2 19. Re1 Bb4 20. Nc3 Nc4 21. a3 Ba5 22. b4 Bb6 23. Nxe2 dxe2 24. e5 Ng4 25. Bc6+ Ke7 26. d5 Ngxe3 27. fxe3 Nxe3 28. d6+ Ke6 29. Rxe2 Nc2+ 0-1

[Event "*** Titled Tuesday Blitz"]
[Site "Chess.com"]
[Date "2020.11.24"]
[Round "1"]
[White "Taron_Shagbazyan"]
[Black "03revilo"]
[Result "1-0"]
[WhiteElo "2713"]
[BlackElo "2373"]
[TimeControl "180+1"]
[EndTime "10:20:59 PST"]
[Termination "Taron_Shagbazyan won by resignation"]

1. e4 c5 2. Nf3 d6 3. Bb5+ Bd7 4. a4 Nf6 5. e5 dxe5 6. Nxe5 Nc6 7. Nxc6 Bxc6 8.
Bxc6+ bxc6 9. O-O e6 10. d3 h6 11. Nd2 Bd6 12. Nc4 Bc7 13. b3 O-O 14. Bb2 Nd5 15. g3 Qg5 16. Qf3 Nb4 17. h4 Qd5 18.
Qe2 Rae8 19. f4 f6 20. Rae1 e5 21. f5 Re7 22. Rf2 Rfe8 23. Qe4 Qd7 24. Ba3 Na6 25. g4 Ba5 26. Ref1 Bb4 27. Bb2 Nc7 28. g5 hxg5 29.
hxg5 fxg5 30. f6 Rf7 31. Nxe5 Qe6 32. Nxf7 Qxe4 33. dxe4 Kxf7 34. fxg7+ Kg8 35. Rf8+ 1-0

[Event "*** Titled Tuesday Blitz"]
[Site "Chess.com"]
[Date "2020.11.24"]
[Round "1"]
[White "baki83"]
[Black "profofchess"]
[Result "1-0"]
[WhiteElo "2728"]
[BlackElo "2383"]
[TimeControl "180+1"]
[EndTime "10:21:00 PST"]
[Termination "baki83 won by resignation"]

1. e4 e6 2. Nf3 d5 3. exd5 exd5 4. d4 Nc6 5. Bb5 Ne7 6. O-O a6 7. Bd3 g6 8. Re1 Bg7 9. c3 O-O 10. Bf4 Bf5 11. Na3 Re8 12. Nc2 Bxd3 13. Qxd3 Nf5 14.
Rxe8+ Qxe8 15. Bxc7 Qd7 16. Bg3 Re8 17. Re1 Re6 18. Bf4 Qe8 19. Rxe6 Qxe6 20. h3 Nd6 21. Bxd6 Qxd6 22. Kf1 h6 23. Qe2 Qd7 24. Ne3 b5 25. a3 Na5 26. Ne1 Nc4 27. Nd3 Bf8 28. Nf4 Nxe3+ 29.
Qxe3 Qf5 30. Nd3 Bd6 31. Kg1 Kg7 32. Qe2 h5 33. h4 Qf6 34. g3 Qf5 35. Kg2 Kg8 36.
Qf3 Qe6 37. Qe3 Qxe3 38. fxe3 a5 39. Kf3 Kf8 40. Nf4 b4 41. axb4 axb4 42. Nxd5 b3 43. c4 Bc7 44. Nxc7 1-0

[Event "*** Titled Tuesday Blitz"]
[Site "Chess.com"]
[Date "2020.11.24"]
[Round "1"]
[White "KononenkoD"]
[Black "WiktoriaPOL"]
[Result "1-0"]
[WhiteElo "2494"]
[BlackElo "2069"]
[TimeControl "180+1"]
[EndTime "10:21:00 PST"]
[Termination "KononenkoD won by resignation"]

1. d4 Nf6 2. c4 g6 3. Nc3 Bg7 4.
Nf3 O-O 5. g3 d6 6. Bg2 Nc6 7.
O-O Bg4 8. d5 Na5 9. Nd2 c5 10.
h3 Bd7 11. e4 a6 12. Qe2 Rb8 13. f4 b5 14. e5 dxe5 15. fxe5 Ne8 16. b3 bxc4 17.
bxc4 Rb4 18. Ba3 Rb8 19. Bxc5 Rc8 20. Bd4 Qc7 21. c5 f6 22. e6 Bb5 23. Nxb5 axb5 24. Qxb5 Nb7 25. Rfc1 Rb8 26. Qd3 f5 27. Bxg7 Nxg7 28. Qd4 Qxg3 29. Rc3 Qg5 30. Nf3 Qf6 31.
Rd1 Qxd4+ 32. Nxd4 Rfc8 33. Nc6 Kf8 34. Nxb8 Rxb8 35.
d6 exd6 36. c6 Nc5 37. Rxd6 Rb1+ 38. Kh2 Ngxe6 39. c7 Nxc7 40. Rxc5 1-0

[Event "*** Titled Tuesday Blitz"]
[Site "Chess.com"]
[Date "2020.11.24"]
[Round "1"]
[White "GMJustin"]
[Black "PIwan"]
[Result "0-1"]
[WhiteElo "2253"]
[BlackElo "2554"]
[TimeControl "180+1"]
[EndTime "10:21:01 PST"]
[Termination "PIwan won on time"]

1. e4 e6 2. d4 d5 3. Nc3 Nf6 4. Bg5 Be7 5. e5 Nfd7 6. h4 Bxg5 7. hxg5 Qxg5 8. Qd3 h6 9. Nf3 Qe7 10. O-O-O Nc6 11.
g4 Nb6 12. g5 Nc4 13. Ne2 Bd7 14. gxh6 gxh6 15. Nf4 O-O-O 16. c3 N6a5 17. Nh5 Ba4 18. Re1 Kb8 19. Nf6 c5 20. Kb1 Rc8 21. b3 cxd4 22. bxa4 dxc3 23. Nd4 Qb4+ 24. Nb3 Nxb3 25. axb3 Qxb3+ 26. Kc1 Qa3+ 0-1

[Event "*** Titled Tuesday Blitz"]
[Site "Chess.com"]
[Date "2020.11.24"]
[Round "1"]
[White "inegrepus"]
[Black "szachuspl"]
[Result "1-0"]
[WhiteElo "2215"]
[BlackElo "2507"]
[TimeControl "180+1"]
[EndTime "10:21:04 PST"]
[Termination "inegrepus won by resignation"]

1. Nf3 Nf6 2. c4 g6 3. Nc3 Bg7 4. e4 d6 5. d4 O-O 6. Be2 Na6 7. O-O e5 8. h3 exd4 9. Nxd4 Nc5 10. f3 a5 11. Be3 Nh5 12. Qd2 Ng3 13. Rfe1 c6 14.
Bf2 Be5 15. Rad1 h5 16. Bf1 Qf6 17. Nde2 h4 18. Bxg3 hxg3 19. f4 Bxc3 20. Nxc3 Ne6 21. f5 gxf5 22. exf5 Qxf5 23. Qxd6 Qc5+ 24. Qxc5 Nxc5 25.
Ne4 Bf5 26. Nxc5 Rfe8 27. Bd3 Bxd3 28. Nxd3 Rxe1+ 29. Rxe1 Rd8 30. Nf4 Rd2 31. Nh5 Rxb2 32. Nxg3 Rxa2 33. Re7 b5 34. cxb5 cxb5 35. Rb7 b4 36.
Ne4 Rb2 37. Nc5 Rb1+ 38. Kh2 Ra1 39. Rb5 Ra3 40. Nb7 b3 41. Nxa5 b2 42. Nc4 Rc3 43. Nxb2 Rc1 44. Nd3 Rd1 45. Nf4 Rd3 46. Nxd3 1-0

[Event "*** Titled Tuesday Blitz"]
[Site "Chess.com"]
[Date "2020.11.24"]
[Round "1"]
[White "zaur-mammadov"]
[Black "Chessbard1972"]
[Result "1-0"]
[WhiteElo "2669"]
[BlackElo "2350"]
[TimeControl "180+1"]
[EndTime "10:21:05 PST"]
[Termination "zaur-mammadov won on time"]

1. e4 c5 2. c3 d5 3. exd5 Qxd5 4. d4 Nf6 5. Nf3 Bg4 6. Nbd2 cxd4 7. Bc4 Qd6 8. Qb3 Nc6 9. Bxf7+ Kd8 10. O-O e6 11.
Re1 Nd5 12. Nc4 Qc7 13. Nfe5 Bf5 14. Nxc6+ bxc6 15. Ne5 dxc3 16. bxc3 Bd6 17. Bg5+ Kc8 18. Nc4 Bxh2+ 19. Kh1 Qxf7 20. Kxh2 Qh5+ 21. Kg1 Qxg5 22. Nd6+ Kc7 23. Nf7 Qg6 24. Nxh8 Rxh8 25. Qa4 Ra8 26. Qa5+ Kd6 27. c4 Be4 28. g3 Qh5 29. Rxe4 Nb6 30. Qxh5 1-0

[Event "*** Titled Tuesday Blitz"]
[Site "Chess.com"]
[Date "2020.11.24"]
[Round "1"]
[White "GoltsevDmitry2000"]
[Black "BlixLT"]
[Result "1-0"]
[WhiteElo "2685"]
[BlackElo "2362"]
[TimeControl "180+1"]
[EndTime "10:21:07 PST"]
[Termination "GoltsevDmitry2000 won by resignation"]

1. e4 Nc6 2. Nf3 Nf6 3. Nc3 e5 4. Bc4 Bd6 5. O-O O-O 6. Re1 a6 7. a4 h6 8. d4 Re8 9. d5 Ne7 10. h3 Ng6 11. g3 Rb8 12. Qe2 c6 13. Rd1 Qe7 14. Kh2 b5 15. axb5 axb5 16. Bb3 b4 17. Na4 cxd5 18. exd5 e4 19. Nd4 Qe5 20. Be3 Bb7 21.
Nb6 Nxd5 22. Nxd7 Qe7 23. Nxb8 Rxb8 24. Nf5 Qe5 25. Nxd6 Qxd6 26. Bxd5 Bxd5 27. Ra5 Ne7 28. Bf4 Qb6 29. Raxd5 Nxd5 30. Rxd5 Rc8 31. Be3 Qc6 32. Rd4 Qxc2 33. Qxc2 Rxc2 34. Rxb4 f5 35. Rb7 g5 36. Bd4 f4 37. gxf4 gxf4 38. Kg1 Rc1+ 39. Kg2 Rc2 40.
Kf1 Rc1+ 41. Ke2 Rh1 42. Rg7+ Kf8 43. Rg4 f3+ 44. Ke3 Rxh3 45. Rxe4 1-0

[Event "*** Titled Tuesday Blitz"]
[Site "Chess.com"]
[Date "2020.11.24"]
[Round "1"]
[White "LamaChampetre"]
[Black "MrChampion_Coach"]
[Result "1-0"]
[WhiteElo "2209"]
[BlackElo "2509"]
[TimeControl "180+1"]
[EndTime "10:21:07 PST"]
[Termination "LamaChampetre won by checkmate"]

1. d4 Nf6 2. c4 e6 3. Nf3 d5 4.
g3 dxc4 5. Bg2 Bd7 6. O-O Bc6 7. Nc3 b5 8. Re1 Be7 9. Ne5 Bxg2 10.
Kxg2 Qc8 11. e4 Qb7 12. d5 O-O 13. Bg5 h6 14. Bxf6 Bxf6 15. Ng4 Be7 16. dxe6 fxe6 17. Ne5 Nc6 18. Ng6 Rfd8 19. Qg4 Kf7 20. Nf4 Nd4 21. Qg6+ Kg8 22. Nxe6 Nxe6 23. Qxe6+ Kf8 24. Nd5 Bd6 25. Re3 Bf4 26. Rf3 g5 27. Qf6+ Ke8 28. Qe7# 1-0